 Dungeon Crawl Stone Soup version 0.24-a0-280-g7cec4da (webtiles) character file.

Game seed: 7540013888612595312

8846 silenth the Thaumaturge (level 11, -4/66 HPs)
             Began as a Deep Elf Earth Elementalist on May 5, 2019.
             Was an Elder of Vehumet.
             Slain by a yak (7 damage)
             ... on level 10 of the Dungeon.
             The game lasted 00:29:40 (13697 turns).

silenth the Thaumaturge (DEEE)                     Turns: 13697, Time: 00:29:40

Health: -4/66      AC: 10    Str:  5    XL:     11   Next: 15%
Magic:  45/45      EV: 18    Int: 30    God:    Vehumet [****..]
Gold:   106        SH:  7    Dex: 21    Spells: 21/30 levels left

rFire    . . .     SeeInvis .   a - +2 spear (venom)
rCold    . . .     Gourm    .   D - +1 buckler
rNeg     . . .     Faith    .   I - +2 robe "Merphasch" {rCorr MP+9 Dex+6}
rPois    .         Spirit   .   K - +2 helmet
rElec    .         Reflect  .   B - +2 cloak
rCorr    +         Harm     .   (no gloves)
MR       +....                  (no boots)
Stlth    ++++......             f - amulet of regeneration
HPRegen  0.61/turn              t - ring of magical power
MPRegen  0.29/turn              O - +6 ring of intelligence

@: about to teleport
A: no striking features
a: Renounce Religion


You were on level 10 of the Dungeon.
You worshipped Vehumet.
Vehumet was greatly pleased with you.
You were not hungry.

You visited 2 branches of the dungeon, and saw 11 of its levels.
You also visited: Ossuary and Bailey.

You collected 818 gold pieces.
You spent 712 gold pieces at shops.

Inventory:

Hand Weapons
 a - a +2 spear of venom (weapon)
 g - the +4 bardiche of Recklessness {freeze, Stlth+}
   (You took it off a hobgoblin in a bailey)

   It has been specially enchanted to freeze those struck by it, causing extra
   injury to most foes and up to half again as much damage against particularly
   susceptible opponents.
   It can also slow down cold-blooded creatures.
   It makes you more stealthy.
 j - a +2 short sword of flaming
Missiles
 b - 156 stones (quivered)
Armour
 c - a +1 robe
 m - a +2 shield
 B - a +2 cloak (worn)
 D - a +1 buckler (worn)
 I - the +2 robe "Merphasch" (worn) {rCorr MP+9 Dex+6}
   (You bought it in a shop on level 4 of the Dungeon)

   It affects your dexterity (+6).
   It affects your magic capacity (+9).
   It provides partial protection from all sources of acid and corrosion.
 K - a +2 helmet (worn)
Magical Staves
 F - an uncursed staff of air
Jewellery
 d - an uncursed ring of poison resistance
 f - an amulet of regeneration (around neck)
 t - a ring of magical power (left hand)
 G - an uncursed ring of protection from fire
 L - an uncursed ring of protection from cold
 N - an uncursed amulet of the gourmand {unknown}
 O - a +6 ring of intelligence (right hand)
 P - an uncursed ring of positive energy
Wands
 i - a wand of paralysis (8)
 v - a wand of disintegration (8)
 Q - a wand of enslavement (7)
Scrolls
 k - 7 scrolls of teleportation
 o - 2 scrolls of fog
 p - a scroll of amnesia
 r - 7 scrolls of remove curse
 x - 2 scrolls of enchant weapon
 y - a scroll of enchant armour
 C - a scroll of vulnerability
 M - a scroll of fear
 R - a scroll of acquirement {unknown}
Potions
 h - 3 potions of invisibility
 l - 3 potions of resistance
 n - a potion of lignification
 q - a potion of ambrosia
 s - 2 potions of magic
 w - 2 potions of curing
 z - 2 potions of brilliance
 A - 2 potions of heal wounds
 E - 2 potions of flight
 H - 4 potions of might
 J - a potion of haste
Miscellaneous
 u - a sack of spiders
Comestibles
 e - 13 rations


   Skills:
 * Level 6.4 Fighting
 * Level 7.2 Dodging
 - Level 7.0 Stealth
 - Level 4.0 Shields
 + Level 10.1 Spellcasting
 - Level 6.0 Conjurations
   Level 1.1 Transmutations
 + Level 9.1 Earth Magic
 - Level 4.0 Evocations


You had 21 spell levels left.
You knew the following spells:

 Your Spells              Type           Power        Failure   Level  Hunger
a - Sandblast             Erth           ######       1%          1    None
b - Stone Arrow           Conj/Erth      ######       1%          3    None
c - Lee's Rapid Deconstr  Erth           ######....   1%          5    ###....

Your spell library contained the following spells:

 Spells                   Type           Power        Failure   Level  Hunger
 Throw Icicle             Conj/Ice       ####....     2%          4    None
 Sting                    Conj/Pois      ####         1%          1    None
 Passwall                 Tmut/Erth      #####...     1%          2    None
 Mephitic Cloud           Conj/Pois/Air  ####....     1%          3    None
 Petrify                  Tmut/Erth      #####...     4%          4    None
 Poisonous Vapours        Pois/Air       ###...       5%          2    None
 Venom Bolt               Conj/Pois      ####......   8%          5    ###....
 Olgreb's Toxic Radiance  Pois           ###.....     10%         4    None


Dungeon Overview and Level Annotations

Branches:
Dungeon (10/15)            Temple (1/1) D:6
   Lair: D:8-11         Orc: D:9-12

Altars:
Ashenzari
Cheibriados
Dithmenos
Elyvilon
Fedhas
Gozag
Hepliaklqana
Kikubaaqudgha
Makhleb
Nemelex Xobeh
Qazlal
Ru
Sif Muna
Trog
Uskayaw
Vehumet
Wu Jian
Xom
Yredelemnul
Zin
The Shining One

Shops:
D:4 [   D:6 *   D:7 !   D:9 (


Message History

A yak comes into view.
The yak bellows!
A yak comes into view.
The yak bellows!
You hear a chilling moan.
You block the yak's attack. The yak completely misses you.
A yak comes into view.
The yak misses you.
A yak comes into view. x3
The yak bellows!
A yak comes into view.
As you read the scroll of teleportation, it crumbles to dust.
You feel strangely unstable.
The yak bellows!
A quasit comes into view.
The yak gores you!
* * * LOW HITPOINT WARNING * * *
The yak gores you!
* * * LOW HITPOINT WARNING * * *
The yak misses you. The yak gores you!
You die...

...............
...............
5.....Y........
...............
......YY.......
.....Y.Y.≈≈≈≈≈.
....Y.YYY≈≈≈≈≈.
.....YY@Y≈≈≈≈≈.
............≈≈≈≈≈. .
....###.....≈≈≈≈≈. ...
....# #...........
.... ...###...........
...░ ░................
...░ ░................
...░░
░░................
....░░░...............


You could see 12 yaks and a quasit.

Vanquished Creatures
  A hydra (D:8)
  Joseph (D:8)
  2 dream sheep (D:8)
  A wraith (D:7)
  11 yaks
  A steam dragon (D:8)
  A soldier ant (D:10)
  A water moccasin (D:6)
  8 orc warriors
  3 sky beasts (D:9)
  3 ice beasts
  A necrophage (D:6)
  2 black bears (D:9)
  2 ogres (D:8)
  3 phantoms
  4 centaurs
  5 big kobolds
  5 bullfrogs
  An elf zombie (Ossuary)
  2 scorpions
  4 wights (D:10)
  3 electric eels (D:10)
  6 crimson imps
  A centaur zombie (Ossuary)
  3 bullfrog zombies
  A quasit (D:2)
  2 hounds
  3 jellies
  Crazy Yiuf (D:5)
  5 orc priests
  6 orc wizards
  3 bullfrog skeletons
  2 centaur skeletons
  2 iguanas
  A human zombie (Ossuary)
  9 worker ants
  2 big kobold zombies (Ossuary)
  2 mummies (Ossuary)
  2 worker ant zombies
  9 gnolls
  7 adders
  2 shadow imps
  An ooze (D:3)
  An adder skeleton (D:10)
  4 adder zombies
  5 worms
  4 dart slugs
  7 leopard geckos
  47 orcs
  4 ball pythons
  3 giant cockroaches
  14 goblins
  9 hobgoblins
  16 jackals
  32 kobolds
  4 quokkas
  A ball python zombie (D:5)
  10 bats
  5 frilled lizards
  11 hobgoblin zombies (Ossuary)
  A jackal skeleton (D:4)
  A jackal zombie (Ossuary)
  9 kobold zombies (Ossuary)
  A leopard gecko skeleton (D:6)
  A leopard gecko zombie (D:7)
  8 orc zombies (Ossuary)
  A quokka skeleton (D:7)
  12 rats
  A rat zombie (Ossuary)
347 creatures vanquished.

Vanquished Creatures (others)
  A plant (D:1)
1 creature vanquished.

Grand Total: 348 creatures vanquished

Notes
Turn   | Place    | Note
-------+----------+-------------------------------------------
     0 | D:1      | silenth the Deep Elf Earth Elementalist began the quest for
                  | the Orb.
     0 | D:1      | Reached XP level 1. HP: 10/10 MP: 6/6
    93 | D:1      | Reached XP level 2. HP: 9/15 MP: 2/8
   436 | D:1      | Reached skill level 4 in Earth Magic
   688 | D:2      | Found a bloodstained altar of Trog.
   704 | D:2      | Reached XP level 3. HP: 19/19 MP: 6/10
   709 | D:2      | Learned a level 3 spell: Stone Arrow
   861 | D:2      | Reached skill level 4 in Spellcasting
   861 | D:2      | Reached XP level 4. HP: 24/24 MP: 9/12
  1177 | D:2      | Reached skill level 1 in Conjurations
  1236 | D:2      | Reached skill level 1 in Fighting
  1244 | D:2      | Reached skill level 5 in Earth Magic
  1826 | D:2      | Found a faded altar of an unknown god.
  1827 | D:2      | Reached XP level 5. HP: 29/29 MP: 11/13
  1964 | D:2      | Learned a level 5 spell: Lee's Rapid Deconstruction
  2798 | D:3      | Reached skill level 2 in Conjurations
  3217 | D:3      | Found a shadowy altar of Dithmenos.
  3270 | D:3      | Found a stormy altar of Qazlal.
  3627 | D:4      | Noticed a phantom
  3635 | D:4      | Killed a phantom
  3635 | D:4      | Reached skill level 2 in Fighting
  3635 | D:4      | Reached skill level 5 in Spellcasting
  3635 | D:4      | Reached XP level 6. HP: 35/35 MP: 10/15
  3902 | D:4      | Reached skill level 3 in Conjurations
  4166 | D:4      | Found Vyppaiba's Armour Shoppe.
  4207 | D:4      | Reached XP level 7. HP: 39/40 MP: 17/17
  4447 | D:4      | Found a deep blue altar of Sif Muna.
  4449 | D:4      | Found a shimmering altar of Xom.
  4449 | D:4      | Found a stormy altar of Qazlal.
  4451 | D:4      | Found an ornate altar of the Wu Jian Council.
  4451 | D:4      | Found a shattered altar of Ashenzari.
  4451 | D:4      | Found a radiant altar of Vehumet.
  4576 | D:4      | Found a burning altar of Makhleb.
  4658 | D:5      | Entered Level 5 of the Dungeon
  4664 | D:5      | Reached skill level 6 in Spellcasting
  4664 | D:5      | Reached skill level 6 in Earth Magic
  4711 | D:5      | Found a sand-covered staircase.
  4810 | Ossuary  | Entered an ossuary
  5213 | Ossuary  | Reached skill level 3 in Fighting
  5427 | Ossuary  | Reached skill level 4 in Conjurations
  5915 | D:5      | Reached XP level 8. HP: 41/46 MP: 19/19
  6038 | D:5      | Found a snail-covered altar of Cheibriados.
  6040 | D:5      | Found a basalt altar of Yredelemnul.
  6232 | D:5      | Reached skill level 1 in Evocations
  6805 | D:5      | Found a runed translucent door.
  6806 | D:5      | Noticed Crazy Yiuf
  6811 | D:5      | Killed Crazy Yiuf
  7146 | D:6      | Reached skill level 3 in Dodging
  7146 | D:6      | Reached skill level 3 in Stealth
  7207 | D:6      | Reached skill level 1 in Shields
  7409 | D:6      | Found a staircase to the Ecumenical Temple.
  7480 | Temple   | Entered the Ecumenical Temple
  7679 | Temple   | Became a worshipper of Vehumet
  7724 | D:6      | Found Veprotso's Mass Market.
  7775 | D:6      | Reached skill level 7 in Spellcasting
  8231 | D:6      | Found an ornate altar of the Wu Jian Council.
  8283 | D:6      | Reached skill level 2 in Shields
  8319 | D:6      | Reached skill level 2 in Evocations
  8540 | D:6      | Reached skill level 7 in Earth Magic
  8662 | D:7      | Reached skill level 4 in Stealth
  8662 | D:7      | Reached skill level 5 in Conjurations
  8725 | D:7      | Found a flagged portal.
  8840 | Bailey   | Entered a bailey
  8888 | Bailey   | Reached * piety under Vehumet
  8888 | Bailey   | Offered knowledge of Freeze by Vehumet.
  9134 | Bailey   | Reached skill level 4 in Dodging
  9134 | Bailey   | Reached XP level 9. HP: 52/52 MP: 19/21
  9214 | Bailey   | Reached skill level 4 in Fighting
  9221 | Bailey   | Reached skill level 3 in Shields
  9251 | Bailey   | Identified the +4 bardiche of Recklessness {freeze, Stlth+}
 10104 | D:7      | Found Ybay's Distillery.
 10232 | D:4      | Bought the +2 robe "Merphasch" {rCorr MP+9 Dex+6} for 712
                  | gold pieces
 10559 | D:7      | Reached skill level 5 in Stealth
 10848 | D:8      | Reached skill level 4 in Shields
 10954 | D:8      | Noticed Joseph
 10966 | D:8      | Killed Joseph
 10966 | D:8      | Reached skill level 8 in Spellcasting
 11096 | D:8      | Reached ** piety under Vehumet
 11096 | D:8      | Offered knowledge of Shock by Vehumet.
 11330 | D:8      | Reached skill level 5 in Dodging
 11333 | D:8      | Reached skill level 8 in Earth Magic
 11333 | D:8      | Identified the +8 halberd "Duntogecy" {flame, +Rage rElec
                  | MR- Dex+6}
 11345 | D:8      | Reached skill level 3 in Evocations
 11348 | D:8      | Reached XP level 10. HP: 58/58 MP: 12/24
 11364 | D:8      | Noticed a three-headed hydra
 11386 | D:8      | HP: 4/58 [three-headed hydra (9)]
 11394 | D:8      | Killed a three-headed hydra
 11394 | D:8      | Reached skill level 5 in Fighting
 11394 | D:8      | Reached skill level 6 in Stealth
 11651 | D:8      | Found a hazy altar of Hepliaklqana.
 11659 | D:8      | Offered knowledge of Dazzling Spray by Vehumet.
 11677 | D:8      | Reached *** piety under Vehumet
 11677 | D:8      | Reached skill level 9 in Spellcasting
 11692 | D:8      | Reached skill level 4 in Evocations
 11804 | D:8      | Reached skill level 6 in Dodging
 12316 | D:9      | Reached skill level 7 in Stealth
 12474 | D:9      | Found a glowing silver altar of Zin.
 12527 | D:9      | Found Jivaff's Weapon Shop.
 12665 | D:9      | Offered knowledge of Inner Flame by Vehumet.
 12693 | D:9      | Found a bloodstained altar of Trog.
 12720 | D:9      | Found an opulent altar of Gozag.
 12787 | D:9      | Reached skill level 9 in Earth Magic
 12917 | D:9      | Found a deep blue altar of Sif Muna.
 12947 | D:9      | Found a glowing golden altar of the Shining One.
 13021 | D:10     | Entered Level 10 of the Dungeon
 13340 | D:10     | Reached skill level 6 in Conjurations
 13347 | D:10     | Reached skill level 7 in Dodging
 13398 | D:10     | Reached XP level 11. HP: 64/64 MP: 26/26
 13403 | D:10     | Reached **** piety under Vehumet
 13403 | D:10     | Reached skill level 6 in Fighting
 13405 | D:10     | Reached skill level 10 in Spellcasting
 13433 | D:10     | Offered knowledge of Throw Icicle by Vehumet.
 13697 | D:10     | HP: 3/66 [yak (14)]
 13697 | D:10     | Slain by a yak

Levels and vault maps discovered:
D:1:      lightli_arrival_flooded_house, layout_rooms, serial_bayou_lake_a
D:2:      layout_basic, lemuel_doored_altar, chequers_ecumenical_altar_grove,
          minmay_joined_circles
D:3:      cheibrodos_helix_gallery, layout_basic,
          grunt_dithmenos_smoke_and_mirrors, nicolae_qazlal_general_emergency,
          kennysheep_generic_room_2
D:4:      layout_basic, makhleb_grotto_becter, serial_shops, nicolae_shop_trees,
          doesnt_xom_only_xom
D:5:      layout_layer_cave, chequers_temple_overflow_statue_of_worship,
          enter_ossuary_5, first_ration, uniq_crazy_yiuf_cottage
D:6:      layout_loops_cross, old_standard_altar, temple_pool_b,
          minmay_misc_feat_four_crosses, minmay_shop_mass
D:7:      layout_rooms, enter_bailey_3, serial_shops, kennysheep_mini
D:8:      layout_loops_corners, lemuel_crystal_altar, special_room
          [special_room_orc], hangedman_ranch [blue_anna_fruit_fields],
          uniq_joseph
D:9:      layout_roguey, grunt_gozag_statues, old_standard_altar,
          lemuel_blue_sif_altar, lemuel_coloured_pillars_altar, serial_shops,
          nicolae_shop_statue_plus, trog_ov_bears_minmay
D:10:     layout_big_octagon, serial_column_ruins, column_ruins_open_large,
          column_ruins_grid_1, column_ruins_columns_T, column_ruins_grid_3
Temple:   jpeg_temple_alley_garden

Skill      XL: |  1  2  3  4  5  6  7  8  9 10 11 |
---------------+----------------------------------+-----
Earth Magic    | 4 5 6 7 8 9 |  9.1
Spellcasting   | 4 5 6 7 8 9 10 | 10.1
Conjurations   | 1 2 3 4 5 6 |  6.0
Fighting       | 1 2 3 4 5 6 |  6.4
Evocations     | 2 3 4 |  4.0
Dodging        | 4 5 7 |  7.2
Stealth        | 4 5 7 |  7.0
Shields        | 2 4 |  4.0
Transmutations | |  1.1

Action                   |  1- 3 |  4- 6 |  7- 9 | 10-12 || total
-------------------------+-------+-------+-------+-------++-------
Melee: Unarmed           |     4 |       |       |       ||     4
       Short sword       |       |    81 |   133 |       ||   214
       Spear             |       |       |   130 |    87 ||   217
 Cast: Sandblast         |    34 |    61 |    37 |    11 ||   143
       Stone Arrow       |       |    29 |   161 |   101 ||   291
       Lee's Rapid Decon |       |       |     1 |     8 ||     9
Evoke: Wand              |       |       |     7 |       ||     7
  Use: Scroll            |       |     3 |    21 |     3 ||    27
       Potion            |       |       |     2 |       ||     2
 Stab: Sleeping          |       |     1 |     9 |     1 ||    11
       Distracted        |       |       |     1 |       ||     1
  Eat: Chunk             |       |     8 |     6 |     6 ||    20
       Ration            |       |     1 |     5 |     1 ||     7
Armor: Robe              |       |    22 |    55 |    39 ||   116
Dodge: Dodged            |    14 |    61 |   213 |   111 ||   399
Block: Buckler           |       |       |    46 |    42 ||    88

Table legend:
 A = Non-vault XP
 B = Vault XP
 C = Vault XP percentage of total XP
 D = Non-vault monster count
 E = Vault monster count
 F = Vault count percentage of total count
                 A         B        C        D         E       F
            +---------+---------+-------+---------+---------+-------
      Total |    8142 |    4496 |  35.6 |     223 |     124 |  35.7
            +---------+---------+-------+---------+---------+-------
        D:1 |      39 |       0 |   0.0 |      21 |       0 |   0.0
        D:2 |      97 |      60 |  38.2 |      19 |      12 |  38.7
        D:3 |     153 |      28 |  15.5 |      24 |       6 |  20.0
        D:4 |     412 |      48 |  10.4 |      19 |       1 |   5.0
        D:5 |     464 |      41 |   8.1 |      24 |       1 |   4.0
        D:6 |     765 |       0 |   0.0 |      21 |       0 |   0.0
        D:7 |     725 |       7 |   1.0 |      15 |       4 |  21.1
        D:8 |    1066 |    3044 |  74.1 |      22 |      32 |  59.3
        D:9 |    2059 |     249 |  10.8 |      25 |       2 |   7.4
       D:10 |    2362 |       0 |   0.0 |      33 |       0 |   0.0
    Ossuary |       0 |     299 | 100.0 |       0 |      39 | 100.0
     Bailey |       0 |     720 | 100.0 |       0 |      27 | 100.0
            +---------+---------+-------+---------+---------+-------
